[Event "Grandmaster Triathlon - Blitz (GM1)"]
[Site "Biel, Switzerland"]
[Date "2026.07.19"]
[Round "7.3"]
[White "Le, Quang Liem"]
[Black "Aronian, Levon"]
[Result "0-1"]
[TimeControl "3 min + 2 sec"]
[WhiteTitle "-"]
[BlackTitle "-"]
[WhiteFideId "12401137"]
[BlackFideId "13300474"]
[WhiteElo "2690"]
[BlackElo "2700"]

1. d4 d5 2. c4 c6 3. Nc3 Nf6 4. e3 Bf5 5. Nf3 e6 6. Nh4 Bg6 7. Be2 Nbd7 8. O-O Ne4 9. g3 Nd6 10. b3 Be7 11. Ng2 f5 12. Bb2 Bf7 13. Qc2 g5 14. f3 Bg6 15.
Bd3 Nf6 16. Rad1 h5 17. c5 Nf7 18. e4 Qd7 19. e5 Nh7 20. b4 g4 21. Nf4 Nf8 22. Nxg6 Nxg6 23. fxg4 hxg4 24. Rxf5 Nf8 25. Rff1 Ng5 26. Be2 Nf3+ 27.
Bxf3 gxf3 28. Rxf3 O-O-O 29. Bc1 Qe8 30.
Rdf1 Qh5 31. Qe2 Ng6 32. Rf7 Qh3 33. b5 Rdg8 34. bxc6 bxc6 35. R1f2 Kb7 36. Be3 Ka8 37. Qa6 Nxe5 38. R7f3 Nxf3+ 39. Rxf3 Qxh2+ 40. Kf1 Rc8 41. Bf2 Qh1+ 42. Ke2 Qc1 43. Qd3 Rhf8 44. Be3 Qh1 45. Rxf8 Rxf8 46. Bf4 Qg2+ 47. Kd1 Qb2 48. Qa6 Qb7 49. Qe2 Bf6 50. Bd6 Rh8 51. Qf3 Bxd4 52. Ne2 Qb1+ 53. Kd2 Qxa2+ 54. Ke1 Rh1+ 55. Qxh1 Qb1+ 0-1

[Event "Grandmaster Triathlon - Blitz (GM1)"]
[Site "Biel, Switzerland"]
[Date "2026.07.19"]
[Round "8.1"]
[White "Aronian, Levon"]
[Black "Suleymanli, Aydin"]
[Result "1-0"]
[TimeControl "3 min + 2 sec"]
[WhiteTitle "-"]
[BlackTitle "-"]
[WhiteFideId "13300474"]
[BlackFideId "13413937"]
[WhiteElo "2700"]
[BlackElo "2559"]

1. e4 c6 2. d4 d5 3. e5 c5 4. dxc5 e6 5. Qh5 Nc6 6. Nf3 Bxc5 7. Bd3 h6 8.
Nc3 a6 9. Qg4 Kf8 10. a3 f5 11. exf6 Nxf6 12. Qg3 Bd6 13. Qh4 e5 14. Bg5 e4 15. Nxd5 Qa5+ 16. Nc3 exd3 17. Bxf6 dxc2 18. O-O Qf5 19. Bd4 Qg4 20.
Be3 Qxh4 21. Nxh4 Kf7 22. Rac1 g5 23. Nf3 Bf5 24. Ne1 Rac8 25. Nxc2 Ne5 26. Nd4 Bg6 27. f4 Nd3 28. fxg5+ Kg8 29. Rf6 Be5 30. Rxg6+ Kf7 31. Rf6+ Bxf6 32. Rf1 hxg5 33. Bxg5 Kg6 34. Bxf6 Rhf8 35. Nd5 Rc5 36. Ne6 1-0

[Event "Grandmaster Triathlon - Blitz (GM1)"]
[Site "Biel, Switzerland"]
[Date "2026.07.19"]
[Round "8.2"]
[White "Erdogmus, Yagiz Kaan"]
[Black "Martinez Alcantara, Jose Eduardo"]
[Result "0-1"]
[TimeControl "3 min + 2 sec"]
[WhiteTitle "-"]
[BlackTitle "-"]
[WhiteFideId "44599790"]
[BlackFideId "3805662"]
[WhiteElo "2546"]
[BlackElo "2641"]

1. e4 c5 2. b3 b6 3.
Bb2 Bb7 4. Nc3 Nc6 5. Nf3 e5 6. Bc4 d6 7. O-O Be7 8.
Nd5 Nf6 9. Re1 O-O 10. c3 Na5 11. Nxe7+ Qxe7 12. Bd3 Rfe8 13. Bc2 Qc7 14. Rc1 Rad8 15. d3 d5 16. Qe2 Nc6 17. Rcd1 h6 18. h3 Ba6 19. c4 d4 20.
Bc1 Bc8 21. Rf1 Ne7 22. Nh4 g5 23. Nf3 Ng6 24. Nh2 a6 25. Rde1 b5 26. Bd1 Bd7 27. Qc2 Qd6 28. Ng4 Kg7 29.
g3 h5 30. Nxf6 Qxf6 31. Kg2 bxc4 32. bxc4 h4 33. Qd2 Rh8 34. Qxg5 Qxg5 35. Bxg5 hxg3 36. Bxd8 Bxh3+ 37. Kxg3 Bxf1 38. Rxf1 Rxd8 39. Bc2 Rb8 40. Bb3 Nf4 41. Rd1 Kf6 42. Rh1 Kg6 43. Kg4 Nxd3 44. Kf3 Nf4 45. Kg4 a5 46. Ba4 Rb2 47. Kf3 Rxa2 48. Bd7 Ra3+ 49. Kg4 d3 50. Bf5+ Kf6 51. Rb1 d2 52. Rb6+ Kg7 53. Rd6 Rd3 0-1

[Event "Grandmaster Triathlon - Blitz (GM1)"]
[Site "Biel, Switzerland"]
[Date "2026.07.19"]
[Round "8.3"]
[White "Bluebaum, Matthias"]
[Black "Le, Quang Liem"]
[Result "1/2-1/2"]
[TimeControl "3 min + 2 sec"]
[WhiteTitle "-"]
[BlackTitle "-"]
[WhiteFideId "24651516"]
[BlackFideId "12401137"]
[WhiteElo "2634"]
[BlackElo "2690"]

1. d4 d5 2. c4 e6 3. Nc3 Be7 4. Nf3 Nf6 5. cxd5 exd5 6. Bf4 c6 7. h3 Bf5 8. g4 Bg6 9. e3 Nbd7 10. Nh4 Qb6 11.
Qe2 Be4 12. Rg1 h6 13. Nf5 Bxf5 14. gxf5 Rg8 15. O-O-O O-O-O 16. Kb1 Qa5 17. Qc2 Nb6 18. Rc1 Bd6 19. Bxd6 Rxd6 20. Qb3 Kb8 21. Bd3 Rd7 22. Rc2 Rc7 23. a3 a6 24.
Rgc1 c5 25. dxc5 Rxc5 26. Qa2 Nc4 27. Ka1 Rc7 28. Nxd5 Qxd5 29. Bxc4 Qxf5 30. Qb3 Ka7 31. Bxa6 Rd7 32. Rc7 Rb8 33.
Bxb7 Qa5 34. R7c5 Qa6 35. Bxa6 Rxb3 36. Bc4 Rb6 37.
b4 Ne4 38. Re5 Nxf2 39. Rf1 Nxh3 40.
Rxf7 Rxf7 41. Bxf7 Ng5 42. Bd5 Rd6 43. Kb2 Kb6 44. a4 Rd7 45.
a5+ Kc7 46. b5 Kd6 47. Rf5 g6 48. Rf6+ Kxd5 49. Rxg6 Ne4 50. Rxh6 Nd6 51. b6 Kc6 52. Kb3 Re7 53. Kb4 Re4+ 54. Kc3 Rxe3+ 55. Kd4 Rb3 56. Rg6 Rb4+ 57. Kc3 Rb5 58. b7 Rxb7 59. a6 Ra7 60. Rh6 Rxa6 61. Rh8 Ra3+ 62. Kd4 Ra4+ 63. Kd3 Nf7 64. Rh5 Kd6 65. Kc3 Ne5 66. Rh8 Kc5 67. Rc8+ Nc6 68. Kd3 Kd5 69. Ke3 Re4+ 70. Kd3 Ne5+ 71. Kc3 Re3+ 72. Kc2 Rh3 73. Rd8+ Kc5 74. Rc8+ Kd4 75. Rd8+ Ke4 76. Re8 Re3 77. Kd2 Rd3+ 78. Kc2 Rd5 79. Kc3 Rc5+ 80. Kd2 Rc7 81. Re6 Kd5 82. Re8 Nc6 83. Ke3 Rh7 84. Rg8 Rh3+ 85. Kd2 Kc4 86. Rc8 Kd5 87. Rg8 Ra3 88. Ke2 Ke4 89. Rg4+ Ke5 90. Rg8 Nd4+ 91.
Kd2 Nf5 92. Re8+ Kd5 93. Rd8+ Nd6 94. Ke2 Ke5 95. Rh8 Kd4 96.
Rd8 Re3+ 97. Kf2 Re6 98.
Ra8 Ne4+ 99. Ke2 Nc3+ 100. Kf3 Rf6+ 101. Kg4 Nd5 102. Ra4+ Ke5 103. Ra5 Rf8 104. Rb5 Ke4 105. Kg3 Ne3 106. Rb4+ Kd3 107. Rb3+ Kd4 108. Rb4+ Ke5 109. Rb5+ Nd5 110. Kg4 Ke4 1/2-1/2

[Event "Grandmaster Triathlon - Blitz (GM1)"]
[Site "Biel, Switzerland"]
[Date "2026.07.19"]
[Round "9.1"]
[White "Martinez Alcantara, Jose Eduardo"]
[Black "Le, Quang Liem"]
[Result "0-1"]
[TimeControl "3 min + 2 sec"]
[WhiteTitle "-"]
[BlackTitle "-"]
[WhiteFideId "3805662"]
[BlackFideId "12401137"]
[WhiteElo "2641"]
[BlackElo "2690"]

1. e4 e5 2. Nf3 Nc6 3.
Nc3 Nf6 4. h3 d5 5. exd5 Nxd5 6.
Bb5 Nxc3 7. bxc3 Bd6 8. O-O O-O 9.
d4 Bd7 10. Rb1 Re8 11. Bg5 Qc8 12.
Re1 e4 13. Nd2 h6 14. Be3 Bxh3 15. d5 Bg4 16. f3 exf3 17. gxf3 Rxe3 18. Rxe3 Bc5 19. Nc4 Na5 20. Kh1 Bd7 21. Re2 Nxc4 22. Bxc4 Qd8 23. Rh2 Qf6 24.
Bb5 Bxb5 25. Rxb5 Bd6 26. Rh3 Re8 27. Rxb7 Re3 28. Rb1 Qxc3 29. Kg2 Qe5 30. Kf1 Qf5 31. Kg2 g6 32.
Rb3 Re5 33. Qd2 h5 34. Rh4 Rxd5 35. Rd4 Re5 36. Kf1 Kh7 37. Kg2 Qe6 38. Kf1 Qh3+ 39. Kg1 Bc5 40. Rbd3 Bxd4+ 41. Rxd4 Qxf3 42. Rf4 Rg5+ 0-1

[Event "Grandmaster Triathlon - Blitz (GM1)"]
[Site "Biel, Switzerland"]
[Date "2026.07.19"]
[Round "9.2"]
[White "Erdogmus, Yagiz Kaan"]
[Black "Aronian, Levon"]
[Result "0-1"]
[TimeControl "3 min + 2 sec"]
[WhiteTitle "-"]
[BlackTitle "-"]
[WhiteFideId "44599790"]
[BlackFideId "13300474"]
[WhiteElo "2546"]
[BlackElo "2700"]

1. e4 e5 2. Nf3 Nf6 3. Nc3 d6 4. d4 Nbd7 5. Bc4 Be7 6. O-O O-O 7. Re1 c6 8. a4 h6 9. h3 exd4 10. Qxd4 Ne5 11. Be2 Ng6 12. Be3 Be6 13. Qd2 d5 14.
exd5 Nxd5 15. Nxd5 Bxd5 16. Nd4 Bf6 17. c3 Re8 18. Bf1 Qc7 19. Qc2 Re5 20. Bd2 Rae8 21. Rxe5 Bxe5 22. Re1 Bh2+ 23. Kh1 Rxe1 24. Bxe1 Be5 25. Nf5 Bf4 26. Qe2 Qd7 27. Qc2 Qe6 28. Ne3 Qxh3+ 0-1

[Event "Grandmaster Triathlon - Blitz (GM1)"]
[Site "Biel, Switzerland"]
[Date "2026.07.19"]
[Round "9.3"]
[White "Suleymanli, Aydin"]
[Black "Bluebaum, Matthias"]
[Result "1/2-1/2"]
[TimeControl "3 min + 2 sec"]
[WhiteTitle "-"]
[BlackTitle "-"]
[WhiteFideId "13413937"]
[BlackFideId "24651516"]
[WhiteElo "2559"]
[BlackElo "2634"]

1. d4 d5 2. Nf3 e6 3. e3 Nf6 4.
Nbd2 c5 5. b3 Nc6 6. Bb2 b6 7. Bd3 Bb7 8.
O-O Bd6 9. a3 O-O 10. Ne5 Qc7 11. f4 Ne7 12. a4 Ne4 13. Bxe4 dxe4 14. Ndc4 Rad8 15. Nxd6 Rxd6 16. Qe2 f6 17. dxc5 bxc5 18. Nc4 Ba6 19. Rad1 Rfd8 20. Rxd6 Rxd6 21.
Qg4 Bxc4 22. bxc4 Nf5 23. Bxf6 Nxe3 24. Qe2 Nxf1 25. Be5 Rd2 26. Qxd2 Nxd2 27. Bxc7 Nxc4 28. Kf2 Kf7 29. Bd8 Ke8 30. Bh4 Kd7 31. Ke2 Kd6 32. g4 Kd5 33. Bd8 g6 34. h3 a6 35. Bc7 Nb2 36.
a5 Nc4 37. Bd8 Kd6 38. Kf2 Kd7 39. Bf6 Kc6 40. Bd8 Kd6 41.
Ke2 Kd5 42. Kf2 Na3 43. c3 Nb5 44.
Bf6 Kc4 45. Ke3 Nxc3 46. Bg7 Kb3 47. h4 h5 48. gxh5 gxh5 49. Be5 c4 50. Bg7 Nd5 51. Kxe4 c3 52. f5 c2 53. Bh6 Nc3+ 54. Ke5 exf5 55. Kxf5 Ne2 56. Kg6 Ng3 57. Bc1 Ka2 58.
Kg5 Kb1 59. Bf4 c1=Q 60. Bxc1 Kxc1 61. Kf4 Ne2+ 62. Kg5 Nd4 63. Kxh5 Nf3 64. Kg4 Nxh4 65. Kxh4 Kb2 66. Kg3 Kb3 67. Kf2 Kb4 68. Ke2 Kxa5 69. Kd2 1/2-1/2

[Event "Grandmaster Triathlon - Blitz (GM1)"]
[Site "Biel, Switzerland"]
[Date "2026.07.19"]
[Round "10.1"]
[White "Aronian, Levon"]
[Black "Martinez Alcantara, Jose Eduardo"]
[Result "1-0"]
[TimeControl "3 min + 2 sec"]
[WhiteTitle "-"]
[BlackTitle "-"]
[WhiteFideId "13300474"]
[BlackFideId "3805662"]
[WhiteElo "2700"]
[BlackElo "2641"]

1. e4 c5 2. Nf3 Nc6 3. Bb5 g6 4. Bxc6 dxc6 5. d3 Bg7 6.
h3 e5 7.
Be3 Qe7 8. Qd2 Nf6 9. Qc3 Nd7 10. Nbd2 O-O 11. g4 b6 12. Rg1 Re8 13. Bg5 f6 14. Be3 Nf8 15. a3 Ne6 16. b4 cxb4 17. axb4 Bd7 18. Kf1 Rec8 19.
Kg2 c5 20. bxc5 Nxc5 21. Qa3 Bf8 22. Rgb1 g5 23. Bxc5 Qxc5 24. Qxc5 Bxc5 25. Nf1 Kf7 26. c4 a5 27. Ne3 Bc6 28. Nd5 Rab8 29. Ne1 a4 30. Nb4 Ra8 31. Nec2 Ke6 32. Kf3 Bd7 33. Nd5 Rab8 34. Na3 h5 35. Nb5 Bxb5 36. Rxb5 a3 37. gxh5 f5 38. exf5+ Kxf5 39. Nc3 Bd4 40. Rxa3 Rh8 41. Ne2 Bc5 42. Ra7 Rbf8 43. Kg2 Ke6 44. f3 Rd8 45. Rb3 Rxh5 46. Ng3 Rhh8 47. Ne4 Be3 48. Rg7 Ra8 49. Rb2 Ra1 50. Rg6+ Ke7 51. Re2 Bd4 52. Rxg5 Rg1+ 53. Kh2 Rf1 54. Rg3 Rd1 55. Nf2 Bxf2 56. Rxf2 Rxd3 57. f4 Rd4 58. fxe5 Rxc4 59. Rf6 Rc2+ 60. Kh1 Rc1+ 61.
Kg2 Rc2+ 62. Kf1 Ra8 63. Rg7+ 1-0

[Event "Grandmaster Triathlon - Blitz (GM1)"]
[Site "Biel, Switzerland"]
[Date "2026.07.19"]
[Round "10.2"]
[White "Bluebaum, Matthias"]
[Black "Erdogmus, Yagiz Kaan"]
[Result "0-1"]
[TimeControl "3 min + 2 sec"]
[WhiteTitle "-"]
[BlackTitle "-"]
[WhiteFideId "24651516"]
[BlackFideId "44599790"]
[WhiteElo "2634"]
[BlackElo "2546"]

1. d4 e6 2. c4 b6 3. a3 Bb7 4.
Nc3 Nf6 5. Bf4 g6 6. Qc2 Bg7 7. e4 O-O 8. Nf3 d6 9. Be3 c5 10. d5 exd5 11.
cxd5 a6 12. a4 Re8 13. h3 Nbd7 14. Nd2 Qe7 15. Be2 b5 16.
axb5 axb5 17. Rxa8 Rxa8 18. Bxb5 Ra1+ 19.
Nd1 Nb6 20. O-O Nbxd5 21. exd5 Nxd5 22. Nc4 Nc7 23. Ba4 Ba6 24. Re1 d5 25. Nb6 d4 26. Bd2 Ne6 27. Bb3 d3 28. Nd5 Qb7 29. Qc4 Bxc4 30. Bxc4 Bxb2 31. g3 Bd4 32.
Rf1 Ra4 33. N1e3 Rxc4 34. Nxc4 Qxd5 35. Ne3 Qf3 36. Ng2 Qxg3 37. Be3 Qxh3 38. Bxd4 Nxd4 39. Ne1 d2 40. f3 Qg3+ 0-1

[Event "Grandmaster Triathlon - Blitz (GM1)"]
[Site "Biel, Switzerland"]
[Date "2026.07.19"]
[Round "10.3"]
[White "Le, Quang Liem"]
[Black "Suleymanli, Aydin"]
[Result "1/2-1/2"]
[TimeControl "3 min + 2 sec"]
[WhiteTitle "-"]
[BlackTitle "-"]
[WhiteFideId "12401137"]
[BlackFideId "13413937"]
[WhiteElo "2690"]
[BlackElo "2559"]

1. d4 Nf6 2. c4 e6 3. Nf3 d5 4. g3 Bb4+ 5. Bd2 Be7 6.
Bg2 O-O 7. O-O Nbd7 8. Qc2 c6 9. Rd1 a5 10. Bf4 a4 11.
h4 h6 12. e3 b5 13. c5 Ne4 14. Nbd2 f5 15. Ne5 Nxe5 16. Bxe5 Bd7 17. Nxe4 fxe4 18. Rf1 Bf6 19. Bf4 Qe8 20. Qc3 Qg6 21. f3 exf3 22. Rxf3 e5 23. dxe5 Be7 24. Rf2 Bf5 25. Qd4 b4 26. Qxb4 Rfb8 27.
Qd4 Ra5 28. Rc1 Rbb5 29. Kh2 Bxc5 30. Qc3 Bd7 31. Bf1 Bb4 32. Qc2 Qxc2 33. Rfxc2 Rc5 34. Bd3 a3 35. b3 Rxc2+ 36. Rxc2 Rc5 37. e4 Rxc2+ 38. Bxc2 Kf7 39. Kg2 Bg4 40. exd5 cxd5 41. Be3 Bc3 42. Bc5 Bb2 43. Kf2 Ke6 44. Bf8 Bd4+ 45. Kf1 Bxe5 46. Bxa3 Bxg3 47. Bb2 g5 48. hxg5 hxg5 49. a4 Bh3+ 50. Ke2 Bg4+ 51. Kf1 Bh3+ 52. Kg1 Be1 53. Bd4 g4 54. Kh2 Bf1 55.
Kg1 Be2 56. Bc5 Kd7 57. b4 Bf3 58. b5 g3 59. Bb6 Kc8 60. Bd3 Kb7 61. a5 Bc3 62. Kf1 Bb4 63. Kg1 Bc3 64. Kf1 Bb4 65. Bf5 Bc3 66. Bh3 Be4 67. Bg2 Bd3+ 68.
Kg1 Bxb5 69. Bxd5+ Ka6 70. Kg2 Bxa5 71. Bxa5 Kxa5 72. Kxg3 1/2-1/2